[Event "*** Titled Tuesday Blitz"]
[Site "Chess.com"]
[Date "2019.02.05"]
[Round "6"]
[White "Agent-JL"]
[Black "AndrewMcStone"]
[Result "1-0"]
[WhiteElo "2254"]
[BlackElo "2106"]
[TimeControl "180+2"]
[EndTime "14:24:39 PST"]
[Termination "Agent-JL won by resignation"]

1. e4 e6 2. Nf3 d5 3. Nc3 Nf6 4. Bd3 c5 5. e5 Nfd7 6. Bb5 Nc6 7. Bxc6 bxc6 8. O-O Be7 9. Qe2 O-O 10. d3 Qc7 11.
Bf4 Rb8 12. b3 Qa5 13. Bd2 Qc7 14. Rae1 c4 15. bxc4 Nb6 16. cxd5 cxd5 17. Nd4 Bd7 18. Nb3 Rfc8 19. Kh1 Bb4 20. Nb5 Bxb5 21. Bxb4 Qxc2 22. Qxc2 Rxc2 23. Nd4 Bxd3 24. Nxc2 Bxc2 25. Re3 Nc4 26. Rc3 Rxb4 27. Rxc2 Kf8 28. Rfc1 Ke7 29. f4 Kd7 30. g3 a5 31. Rc3 a4 32. R1c2 a3 33. Kg2 Rb2 34.
Rxb2 axb2 35. Rb3 Kc6 36. Kf2 Kc5 37. Ke2 Kd4 38. a4 Kc5 39. Kd3 Kc6 40. Kc3 g6 41. h4 h5 42. a5 Nxa5 43. Rxb2 Nc4 44. Ra2 Kb7 45. Kd4 Kc7 46. Ra7+ Kb6 47. Rxf7 1-0

[Event "*** Titled Tuesday Blitz"]
[Site "Chess.com"]
[Date "2019.02.05"]
[Round "6"]
[White "jcibarra"]
[Black "David_Klein"]
[Result "1-0"]
[WhiteElo "2719"]
[BlackElo "2591"]
[TimeControl "180+2"]
[EndTime "14:24:40 PST"]
[Termination "jcibarra won by checkmate"]

1. e4 g6 2. d4 Bg7 3. Nc3 c6 4.
Nf3 b5 5. Bd3 d6 6. h3 Nd7 7. Be3 e5 8. Qd2 Qe7 9. O-O Ngf6 10. a4 b4 11. Ne2 a5 12. c3 c5 13. dxe5 dxe5 14. Ng3 O-O 15. Rfe1 Rd8 16. Rad1 Nb6 17. Qc2 bxc3 18. b3 c4 19. bxc4 Nfd7 20. Rb1 Ba6 21. Bxb6 Nxb6 22. Rxb6 Qc5 23. Rb3 Bf8 24.
Qxc3 Qc7 25. Qxe5 Qc6 26. Bf1 Qxa4 27. Rb6 Qa3 28. Ra1 Qc5 29. Qxc5 Bxc5 30. Rc6 Bb4 31. c5 Bc3 32. Rc1 Bxf1 33. Rxc3 Bb5 34. Rb6 Rdb8 35.
Rb3 a4 36. R3xb5 Rxb6 37. cxb6 a3 38. Rb1 a2 39. Ra1 Ra6 40. b7 Rb6 41. Rxa2 Rxb7 42.
e5 Kg7 43. Ne4 Rb1+ 44. Kh2 h6 45. Ra7 g5 46. e6 Kg6 47. exf7 Kg7 48. Ne5 Rb6 49.
f8=Q+ Kxf8 50. Nd7+ Kg8 51. Nxb6 h5 52. Nf6+ Kf8 53.
Nxh5 g4 54. hxg4 Ke8 55. g5 Kf8 56. g6 Kg8 57. Nf6+ Kf8 58. Rf7# 1-0

[Event "*** Titled Tuesday Blitz"]
[Site "Chess.com"]
[Date "2019.02.05"]
[Round "6"]
[White "Th3ChessViking"]
[Black "DanielMieles1985"]
[Result "1/2-1/2"]
[WhiteElo "2471"]
[BlackElo "2601"]
[TimeControl "180+2"]
[EndTime "14:24:41 PST"]
[Termination "Game drawn by repetition"]

1. c4 c6 2. Nf3 d5 3. g3 g6 4.
Bg2 Bg7 5. O-O e5 6. cxd5 cxd5 7. Nc3 d4 8. Nb5 a6 9. Na3 Nc6 10. d3 Nge7 11. Bg5 O-O 12. Bxe7 Qxe7 13. Nc4 Be6 14.
Rc1 Bd5 15. Nb6 Rad8 16. Nxd5 Rxd5 17. Nd2 Rb5 18. Bxc6 bxc6 19. Rxc6 Qb7 20. Rc2 Rxb2 21. Nc4 Rxc2 22. Qxc2 Rb8 23. Rc1 h5 24. h4 Bf6 25.
Nd6 Qd7 26. Ne4 Be7 27. Qc4 a5 28. Kg2 Kg7 29. Rc2 a4 30. Qc7 Qxc7 31. Rxc7 Kf8 32. Rc2 a3 33. Kf3 Rb2 34. Rc8+ Kg7 35. Rc7 Bd8 36.
Rd7 Ba5 37. Ng5 Rxa2 38. Rxf7+ Kg8 39. Ra7 Bb4 40. Ne4 Rc2 41. Nf6+ Kf8 42. Ke4 a2 43. Kd5 Rc5+ 44. Ke6 Rc6+ 45. Kxe5 Rc5+ 46. Ke6 Rc6+ 47. Ke5 Rc5+ 48. Ke6 Rc6+ 49. Ke5 1/2-1/2

[Event "*** Titled Tuesday Blitz"]
[Site "Chess.com"]
[Date "2019.02.05"]
[Round "6"]
[White "CalinGheorghiu"]
[Black "Vamostodorecto"]
[Result "0-1"]
[WhiteElo "2244"]
[BlackElo "2473"]
[TimeControl "180+2"]
[EndTime "14:24:43 PST"]
[Termination "Vamostodorecto won by resignation"]

1. d4 d5 2. c4 dxc4 3. e3 e5 4. Bxc4 exd4 5. exd4 Nf6 6. Nf3 Bd6 7. h3 O-O 8. O-O Nc6 9. Nc3 a6 10. a4 h6 11. Qc2 Nb4 12. Qb1 Bd7 13. Bxh6 gxh6 14.
Qg6+ Kh8 15. Qxh6+ Nh7 16. Ne4 Bf5 17. Nfg5 Bf4 18.
Nxf7+ Rxf7 19. Qxf4 Bxe4 20. Qxe4 Rg7 21. Qxb7 c5 22. Qf3 Nc2 23. Rad1 Nxd4 24. Qh5 Rg5 25. Qh6 Qf6 26. Qxf6+ Nxf6 27. b4 Nf3+ 28. Kh1 Nh4 29.
g3 Ng6 30. Rd6 Ne4 31. Rd5 cxb4 32. Rxg5 Nxg5 33. f4 Ne4 34. Kg2 Rd8 35. Rb1 a5 36. Bf7 Kg7 37. Bxg6 Kxg6 38. g4 Nc3 39. Re1 Nxa4 40.
h4 b3 41. h5+ Kg7 42. g5 b2 43. h6+ Kg6 44. Kg3 Rb8 45. Kg4 b1=Q 46. Rxb1 Rxb1 47. f5+ Kh7 48. f6 Kg6 49. f7 Kxf7 50. h7 Rh1 0-1

[Event "*** Titled Tuesday Blitz"]
[Site "Chess.com"]
[Date "2019.02.05"]
[Round "6"]
[White "Iyael"]
[Black "Synctel"]
[Result "0-1"]
[WhiteElo "1987"]
[BlackElo "1912"]
[TimeControl "180+2"]
[EndTime "14:24:48 PST"]
[Termination "Synctel won by resignation"]

1. e4 e6 2. d4 d5 3. e5 c5 4. c3 Bd7 5. Nf3 Qb6 6. Be2 Bb5 7. c4 Bxc4 8. Bxc4 Qb4+ 9. Nbd2 dxc4 10. O-O Nc6 11. dxc5 Bxc5 12. Qe2 Nge7 13. Ne4 O-O 14. a3 Qb6 15. Qxc4 Bd4 16. Rb1 Bxe5 17. Nxe5 Nxe5 18.
Qe2 N7c6 19. Be3 Qc7 20. Rbc1 Rfd8 21. b4 a6 22. h3 Nd3 23. Rc3 Nf4 24. Qg4 Nd5 25. Rc5 f5 26. Qg3 f4 27. Qg4 fxe3 28. Qxe6+ Qf7 29. Qxf7+ Kxf7 30. fxe3+ Kg8 31. Rf3 Nce7 32.
Ng5 Rf8 33. Rg3 h6 34. Ne6 Rf7 35. e4 Nf4 36. Nxf4 Rxf4 37. Rc7 Rxe4 38. Rxb7 Nf5 39.
Rf3 g6 40. g4 Nd6 41. Rb6 Rd4 42. Rf6 Rd8 43. Rxg6+ Kh7 44. Re6 Rd2 45. Rxa6 Nf7 46. Ra7 Kg7 47. Ree7 Rd1+ 48. Kg2 R1d2+ 49. Kg3 R8d3+ 50.
Kh4 Rf2 51. b5 Rff3 52. Rxf7+ Rxf7 53. Ra6 Rff3 54. g5 Rxh3+ 55. Kg4 Rdg3+ 56. Kf4 hxg5+ 57. Kf5 Rxa3 58. Rg6+ Kf7 59. Rxg5 Rab3 60. Kf4 Rh4+ 0-1

[Event "*** Titled Tuesday Blitz"]
[Site "Chess.com"]
[Date "2019.02.05"]
[Round "6"]
[White "IakovUlivar"]
[Black "Alex_Terzi"]
[Result "1-0"]
[WhiteElo "2533"]
[BlackElo "2497"]
[TimeControl "180+2"]
[EndTime "14:24:49 PST"]
[Termination "IakovUlivar won by checkmate"]

1. e4 e6 2. d4 d5 3. exd5 exd5 4.
Nf3 Bd6 5. c4 dxc4 6. Bxc4 Nf6 7. Qe2+ Qe7 8. Qxe7+ Kxe7 9. O-O h6 10. Re1+ Kf8 11. Ne5 Bxe5 12. dxe5 Nfd7 13. Nc3 Nc6 14. Nd5 Ndxe5 15. Nxc7 Rb8 16. f4 b5 17. Bxb5 Rb7 18. Bxc6 Rxc7 19. Bb5 Bd7 20. Rxe5 f6 21. Rd5 Bxb5 22.
Rxb5 Kf7 23. Be3 Re8 24. Kf2 Rc2+ 25. Kf3 a6 26. Rb7+ Kg6 27. a4 h5 28. a5 Kf5 29.
Ra4 g5 30. fxg5 fxg5 31. Rf7+ Kg6 32. Rd7 g4+ 33. Kf4 Rxg2 34. Rd6+ Kf7 35. Rb4 Rxh2 36. Rb7+ Re7 37. Rxe7+ Kxe7 38. Rb6 Re2 39. b4 g3 40. Bc5+ Kd7 41. Kxg3 Kc7 42. Rxa6 Kb7 43. Rb6+ Ka8 44. a6 h4+ 45. Kxh4 Re4+ 46. Kg5 Re5+ 47. Kf6 Re1 48. Rc6 Re8 49. b5 Rd8 50. b6 Rd6+ 51. Rxd6 Kb8 52. Rd8# 1-0

[Event "*** Titled Tuesday Blitz"]
[Site "Chess.com"]
[Date "2019.02.05"]
[Round "6"]
[White "nailbeshirli"]
[Black "Supernotar"]
[Result "1-0"]
[WhiteElo "2682"]
[BlackElo "2482"]
[TimeControl "180+2"]
[EndTime "14:24:51 PST"]
[Termination "nailbeshirli won by checkmate"]

1. e4 c6 2. Nc3 d5 3. d4 dxe4 4. Nxe4 Bf5 5. Ng3 Bg6 6. h4 h6 7. Nf3 Nd7 8. h5 Bh7 9. Bd3 Bxd3 10. Qxd3 Ngf6 11. Bd2 e6 12. O-O-O Be7 13. Kb1 O-O 14. Qe2 c5 15. dxc5 Qc7 16. Ne4 Nxe4 17. Qxe4 Nf6 18. Qe2 Qxc5 19. Be3 Qc7 20. Bd4 Rad8 21.
Ne5 Bc5 22. Bxc5 Qxc5 23. g4 Rd5 24. Rxd5 Qxd5 25. Rd1 Qg2 26. a4 Nd5 27. Qe1 Rc8 28. Rd2 Qh2 29. c4 Nf6 30. Rd4 Qg2 31. f3 Qh2 32.
Ka2 b6 33. Qe3 Qc2 34. Rd3 Qxa4+ 35. Ra3 Qb4 36. Rxa7 Rf8 37. g5 hxg5 38. Qxg5 Nh7 39. Qg3 Qc5 40. h6 g5 41. f4 b5 42. Ra3 bxc4 43. Nd7 Qd5 44. Qc3 f6 45. Nxf8 Nxf8 46. fxg5 fxg5 47. Ra5 Qd7 48. Rxg5+ Kh7 49. Rg7+ Qxg7 50.
Qxg7# 1-0

[Event "*** Titled Tuesday Blitz"]
[Site "Chess.com"]
[Date "2019.02.05"]
[Round "6"]
[White "Alopekos"]
[Black "NoGalloNoParty"]
[Result "1-0"]
[WhiteElo "2495"]
[BlackElo "2320"]
[TimeControl "180+2"]
[EndTime "14:24:52 PST"]
[Termination "Alopekos won by checkmate"]

1. e4 c5 2. Nf3 d6 3. d4 cxd4 4. Nxd4 Nf6 5. Nc3 a6 6. Be3 e5 7. Nb3 Be7 8. Be2 Be6 9. Nd5 Nxd5 10. exd5 Bf5 11. O-O Nd7 12. c4 a5 13. f4 exf4 14. Bxf4 Bg6 15. Kh1 O-O 16. Nd4 Rc8 17. Nb5 Nc5 18.
Bg4 Ra8 19. Bh5 Bd3 20. Be2 Bg6 21. b3 Ra6 22. Bh5 Bd3 23. Rf3 Bf6 24. Rc1 Be4 25. Rh3 Nd3 26. Rxd3 Bxd3 27. Qxd3 Re8 28. h3 Qe7 29.
Rf1 a4 30. bxa4 Rxa4 31. Nxd6 Rf8 32. Qb3 Ra6 33. Nxb7 Be5 34. Bxe5 Qxe5 35. Nc5 Rh6 36. Bf3 Qg3 37. Be4 Qe5 38. Qf3 Rf6 39. Qe2 Rh6 40. Qd3 f5 41. Bf3 Qg3 42. Be2 Qd6 43. Ne6 Rff6 44. c5 Qe5 45. c6 f4 46. c7 Rxh3+ 47.
Qxh3 f3 48. c8=Q+ Rf8 49. Qxf8# 1-0

[Event "*** Titled Tuesday Blitz"]
[Site "Chess.com"]
[Date "2019.02.05"]
[Round "6"]
[White "TST2014"]
[Black "Lion_DL"]
[Result "1-0"]
[WhiteElo "2522"]
[BlackElo "2400"]
[TimeControl "180+2"]
[EndTime "14:24:54 PST"]
[Termination "TST2014 won by resignation"]

1. d4 Nf6 2. c4 e6 3. Nf3 b6 4. a3 Ne4 5. Qc2 Bb7 6. Nbd2 f5 7. g3 Be7 8. Bg2 O-O 9. O-O d6 10. Ne1 d5 11. Ndf3 c5 12. Nd3 dxc4 13. Qxc4 Bd5 14. Qc2 Nd7 15. Nf4 Rc8 16. Nxd5 exd5 17. dxc5 Ndxc5 18. b4 Bf6 19. Ra2 Ne6 20. Qb3 Kh8 21. Bb2 Nc3 22.
Bxc3 Rxc3 23. Qa4 Qc7 24. Rd2 d4 25. Ne1 Ng5 26. Nd3 Ne4 27. Ra2 h6 28. Qd1 Rd8 29. a4 Qc4 30. Qa1 Rc2 31. Rxc2 Qxc2 32. Bf3 Nc3 33. Qb2 Qxa4 34. Ra1 Qd7 35. Qb3 Re8 36. Nf4 Kh7 37. Bh5 Rc8 38. Bg6+ Kh8 39. Kg2 Be5 40. Ne6 Nxe2 41. Bxf5 Qc6+ 42. Kh3 Nc3 43. Rxa7 Qc4 44. Qxc4 Rxc4 45. Ra8+ 1-0

[Event "*** Titled Tuesday Blitz"]
[Site "Chess.com"]
[Date "2019.02.05"]
[Round "6"]
[White "AndrBaryshpolets"]
[Black "Revnov"]
[Result "1-0"]
[WhiteElo "2626"]
[BlackElo "2770"]
[TimeControl "180+2"]
[EndTime "14:24:55 PST"]
[Termination "AndrBaryshpolets won by resignation"]

1. d4 e6 2. c4 f5 3. g3 Nf6 4. Bg2 d5 5. Nh3 Bd6 6. O-O O-O 7. Nf4 c6 8. Nd2 Qe7 9. Nf3 Nbd7 10. Qc2 b6 11. cxd5 cxd5 12. Ng5 Nb8 13. Be3 Bd7 14.
Rfc1 Na6 15. Nd3 Ng4 16. Bd2 Rac8 17. Qb3 b5 18. Bf4 Bxf4 19. gxf4 Rc4 20. Nf3 Rfc8 21. Qd1 Be8 22. Nde5 Nxe5 23. Nxe5 R4c7 24. e3 Nb4 25. a3 Nc6 26. Nxc6 Rxc6 27. Rxc6 Rxc6 28. Rc1 Qc7 29.
Rxc6 Qxc6 30. Bf1 a5 31. Qd2 Qc7 32. Bd3 h6 33. Qe2 Qc1+ 34. Kg2 b4 35. axb4 axb4 36. Bb5 Bf7 37. Ba4 Kh7 38. Qc2 Qa1 39. Bd7 Bg8 40.
h3 Qe1 41. Qc6 Qb1 42. Kg3 Qg1+ 43. Kf3 Qb1 44. Kg3 Qe4 45. Qd6 b3 46. Qb6 Qc2 47. Bxe6 Qxb2 48. Bxf5+ Kh8 49. Qb8 Qc1 50. Be6 Qg1+ 51.
Kf3 Qh1+ 52. Ke2 1-0

[Event "*** Titled Tuesday Blitz"]
[Site "Chess.com"]
[Date "2019.02.05"]
[Round "6"]
[White "GMsKoRPioN"]
[Black "Sanan_Sjugirov"]
[Result "0-1"]
[WhiteElo "2556"]
[BlackElo "2825"]
[TimeControl "180+2"]
[EndTime "14:24:55 PST"]
[Termination "Sanan_Sjugirov won by resignation"]

1. d4 g6 2. c4 Bg7 3. e4 d6 4.
Nc3 Nc6 5. Be3 e5 6. d5 Nce7 7. f3 f5 8. Qd2 Nf6 9. O-O-O O-O 10. Bd3 Bd7 11. Kb1 a6 12. Rc1 b5 13. c5 b4 14.
Nce2 Bb5 15. Nh3 fxe4 16. fxe4 Qd7 17. Ng5 Qg4 18. Ng3 Bh6 19. Ne6 Bxd3+ 20. Qxd3 Bxe3 21. Qxe3 Nexd5 22. exd5 Nxd5 23. Qd2 Qxe6 24. Rhd1 c6 25. cxd6 Qxd6 26. Ne4 Qe6 27. Ka1 Rf4 28. Nc5 Qd6 29.
g3 Rd4 30. Qc2 Rxd1 31. Rxd1 Rf8 32. Ne4 Qe6 33. Rc1 Kg7 34. h4 a5 35. Ng5 Qf6 36.
Qc5 h6 37. Ne4 Qe6 38. Qxa5 b3 39. Qa7+ Rf7 40. Qc5 bxa2 41. Nd6 Rd7 42. Ne4 Rc7 43.
h5 gxh5 44. Qc2 Rf7 45. Qxc6 Qxc6 46. Rxc6 Rf1+ 47. Kxa2 Nb4+ 48. Kb3 Nxc6 0-1

[Event "*** Titled Tuesday Blitz"]
[Site "Chess.com"]
[Date "2019.02.05"]
[Round "6"]
[White "LucaBrasi1968"]
[Black "AlexTruskavetsky"]
[Result "0-1"]
[WhiteElo "2455"]
[BlackElo "2266"]
[TimeControl "180+2"]
[EndTime "14:24:55 PST"]
[Termination "AlexTruskavetsky won by resignation"]

1. e4 c6 2. d4 d5 3. Nd2 dxe4 4. Nxe4 Bf5 5. Ng3 Bg6 6. Nh3 e6 7. Nf4 Bd6 8. h4 Qc7 9. Nxg6 hxg6 10. Ne4 Nf6 11.
Nxd6+ Qxd6 12. g3 Nbd7 13. Bg2 O-O 14. c3 Nb6 15. O-O Nbd5 16. c4 Ne7 17. b3 Rfd8 18.
Bb2 Nf5 19. Qd3 Nxd4 20. Rfd1 e5 21. f4 Qc5 22. Kh1 Ng4 23. Rf1 Nf5 24. Qf3 Nfe3 25. fxe5 Nxf1 26. Rxf1 Nxe5 27. Bxe5 Qxe5 28. Qxf7+ Kh7 29.
Qxb7 Qxg3 30. Qxc6 Qxh4+ 31. Kg1 Qd4+ 32. Kh1 Rf8 33. Bf3 Rae8 34. Qd5 Qxd5 35. cxd5 Re3 36. Kg2 Rd3 37. b4 Kh6 38. b5 Rd2+ 39. Kg3 Rxa2 40.
Kg4 Ra4+ 41. Kg3 Rd4 42. Kg2 Rd2+ 43. Kg3 Kg5 44. Kh3 Rd3 45. Kg2 Rb3 46. Ra1 Rfxf3 47. Rxa7 Rfd3 48. Rd7 Rd2+ 0-1

[Event "*** Titled Tuesday Blitz"]
[Site "Chess.com"]
[Date "2019.02.05"]
[Round "6"]
[White "Nathan_Filgueiras"]
[Black "Jenia84"]
[Result "1-0"]
[WhiteElo "2280"]
[BlackElo "2206"]
[TimeControl "180+2"]
[EndTime "14:24:56 PST"]
[Termination "Nathan_Filgueiras won by resignation"]

1. e4 e5 2. Nf3 Nc6 3. Bc4 Bc5 4. O-O Nf6 5. d3 O-O 6. h3 h6 7. Re1 d6 8. Nbd2 Be6 9. c3 a6 10. Bb3 b5 11. Bc2 Ba7 12. Nf1 Ne7 13. Be3 c5 14. d4 cxd4 15. cxd4 Rc8 16. dxe5 dxe5 17. Bxa7 Qc7 18.
Bb3 Rfd8 19. Qe2 Qxa7 20. Bxe6 fxe6 21. Nxe5 Qc5 22. Nf3 Nc6 23. Rac1 Nd4 24. Nxd4 Qxd4 25. e5 Rxc1 26. Rxc1 Ne4 27. Re1 Nc5 28. Qe3 Qxe3 29. Rxe3 Rd1 30. g3 Nd3 31. Re2 Nc1 32. Rc2 Nxa2 33.
Rc6 a5 34. Rxe6 a4 35. Rb6 b4 36. e6 Kf8 37. Ra6 Rb1 38. Rxa4 Rxb2 39. Ne3 Nc3 40. Ra7 Nb5 41. Rf7+ Ke8 42. Nf5 Rb1+ 43. Kg2 Re1 44. Nxg7+ Kd8 45. Rb7 Nc7 46. Rxb4 Nxe6 47. Nxe6+ Rxe6 48. Rf4 Ke7 49. h4 Ra6 50. Kh3 Ke8 51.
h5 Ke7 52. Kh4 Ra2 53. g4 Ra1 54. Rf5 Rh1+ 55. Kg3 Ke6 56. Kf4 Rf1 57. f3 Rh1 58. Rf8 Ra1 59. Rh8 Ra4+ 60. Kg3 Kf6 61. Rxh6+ Kg7 62.
Rg6+ 1-0

[Event "*** Titled Tuesday Blitz"]
[Site "Chess.com"]
[Date "2019.02.05"]
[Round "6"]
[White "SimonKnightRivendell"]
[Black "politeplayer"]
[Result "1/2-1/2"]
[WhiteElo "2001"]
[BlackElo "2022"]
[TimeControl "180+2"]
[EndTime "14:24:56 PST"]
[Termination "Game drawn - insufficient material"]

1. Nf3 Nf6 2. g3 d5 3. Bg2 c5 4. O-O Nc6 5. d3 e5 6. c3 Be7 7. Nbd2 O-O 8. e4 d4 9. a4 dxc3 10. bxc3 Qxd3 11. Qb3 Nxe4 12. Nxe5 Nxd2 13. Nxd3 Nxb3 14.
Rb1 c4 15. Nb2 Bf5 16. Be3 Bxb1 17. Rxb1 Bc5 18. Nxc4 Bxe3 19. Nxe3 Nc5 20. Rb5 Ne6 21. Rxb7 Ne5 22. Rb5 Ng6 23. Bxa8 Rxa8 24. c4 a6 25. Rb6 Nc5 26. a5 Ne5 27. f4 Nf3+ 28. Kg2 Nd4 29. Rd6 Nde6 30. Nd5 Rd8 31. Rc6 h5 32. f5 Nb3 33. fxe6 fxe6 34. Rxe6 Nxa5 35. Ne3 Rc8 36. Re4 Nb3 37. Nd5 Kh7 38. Nf4 Nd2 39. Re6 Nxc4 40. Rxa6 h4 41. gxh4 Ne3+ 42. Kf3 Nf5 43. Kg4 Nh6+ 44.
Kg3 Rc3+ 45. Kg2 Nf5 46. h5 Nh4+ 47. Kg1 Nf3+ 48. Kf2 Ne5 49. Ra8 Rf3+ 50. Ke2 Rxf4 51.
Re8 Re4+ 52. Kf1 Kh6 53. Kg2 Kxh5 54. Rh8+ Kg4 55. Rg8 Re2+ 56. Kf1 Rxh2 57. Rxg7+ Kf4 58. Rg2 Rh1+ 59. Ke2 Ra1 60. Rg8 Ra2+ 61. Kd1 Ke3 62. Re8 Ra5 63. Kc2 Rc5+ 64. Kb3 Kd3 65. Kb4 Rc4+ 66.
Kb5 Nc6 67. Re3+ Kxe3 68. Kxc4 1/2-1/2

[Event "*** Titled Tuesday Blitz"]
[Site "Chess.com"]
[Date "2019.02.05"]
[Round "6"]
[White "otrov-11"]
[Black "MFguimaraes"]
[Result "1-0"]
[WhiteElo "2333"]
[BlackElo "2285"]
[TimeControl "180+2"]
[EndTime "14:24:57 PST"]
[Termination "otrov-11 won by checkmate"]

1. d4 d5 2. c4 c6 3. cxd5 cxd5 4.
Bf4 Nc6 5. Nc3 a6 6. e3 Nf6 7.
Bd3 Bg4 8. Nf3 e6 9. Rc1 Be7 10. h3 Bh5 11. O-O O-O 12. Na4 Nd7 13. a3 Rc8 14. b4 b5 15. Nc5 Nxc5 16. Rxc5 Bxc5 17.
bxc5 Qa5 18. Bxh7+ Kh8 19. g4 Kxh7 20. gxh5 Rh8 21.
h6 gxh6 22. Qc2+ Kg7 23. Kh2 Rcg8 24. Ne5 Nxe5 25. Bxe5+ f6 26. Bf4 Qa4 27. Qe2 e5 28. dxe5 Qe4 29. f3 Qf5 30. Qb2 Kf7 31. exf6 Rg6 32.
Rg1 Rhg8 33. Rxg6 Qxg6 34. Qf2 Qxf6 35. Qd2 Qf5 36. c6 Ke6 37. c7 Qg6 38. Qf2 Kd7 39.
h4 Kc8 40. Bg3 Qd3 41. Bf4 d4 42. exd4 Rf8 43. Qg3 Qxd4 44. Bxh6 Qb2+ 45. Kh3 Re8 46. Bf4 Qh8 47. Qg4+ Kb7 48. Qd7 Qg8 49. c8=Q+ Kb6 50. Qcc6+ Ka5 51. Qd2+ b4 52. Qxb4# 1-0

[Event "*** Titled Tuesday Blitz"]
[Site "Chess.com"]
[Date "2019.02.05"]
[Round "6"]
[White "Kouzari"]
[Black "joppie2"]
[Result "1/2-1/2"]
[WhiteElo "2629"]
[BlackElo "2742"]
[TimeControl "180+2"]
[EndTime "14:25:05 PST"]
[Termination "Game drawn by agreement"]

1. d4 b6 2. e4 Bb7 3. Nc3 e6 4. Bd3 Bb4 5. Nf3 Nf6 6. Qe2 d5 7. exd5 Qxd5 8. O-O Bxc3 9. bxc3 O-O 10. c4 Qh5 11.
Ne5 Qxe2 12. Bxe2 Nbd7 13. Rd1 Rfd8 14. Bg5 h6 15. Bh4 g5 16. Bg3 Ne4 17. Bf3 Rab8 18. Nxf7 Kxf7 19. Bxc7 Nef6 20. Bxb7 Rxb7 21. Bxd8 Ne8 22.
d5 e5 23. d6 Ke6 24. Bc7 Nxc7 25. dxc7 Rxc7 26. Rd3 Rxc4 27. Rh3 Rxc2 28. Rxh6+ Kd5 29. Rd1+ Kc4 30. Rh7 Nc5 31. Rxa7 e4 32. Rg7 Rxa2 33. Rxg5 Nd3 34. Rf5 b5 35. Rf8 b4 36. Rc8+ Kd4 37. Rb8 Kc3 38. Rc8+ Kd4 39. f3 Ke3 40. fxe4 Nf4 41.
e5 Rxg2+ 42. Kh1 Rg6 43. Rb8 Nh3 44. Rf1 Ke2 45. Rbf8 b3 46. Rb1 Rg7 47. e6 Nf2+ 48. Rxf2+ Kxf2 49. Rb2+ Kf1 50. h4 Rg4 51. Kh2 Rxh4+ 52.
Kg3 Re4 53. Rxb3 Rxe6 1/2-1/2

[Event "*** Titled Tuesday Blitz"]
[Site "Chess.com"]
[Date "2019.02.05"]
[Round "6"]
[White "snowlord"]
[Black "MartinMatthiesen"]
[Result "1-0"]
[WhiteElo "2704"]
[BlackElo "2500"]
[TimeControl "180+2"]
[EndTime "14:25:05 PST"]
[Termination "snowlord won by resignation"]

1. e4 e5 2. Nf3 Nc6 3. d4 exd4 4. Nxd4 Nf6 5. Nxc6 bxc6 6. e5 Qe7 7. Qe2 Nd5 8.
c4 Ba6 9. Nd2 g6 10. Nf3 Bg7 11.
Bg5 Qb4+ 12. Qd2 Qxd2+ 13. Kxd2 Nb6 14. b3 O-O 15. c5 Bxf1 16. Rhxf1 Nd5 17. Rac1 a5 18.
Rc4 a4 19. bxa4 Rfb8 20. Rfc1 Ra5 21. Be3 Rba8 22. Rb1 Bf8 23. Bd4 Rxa4 24. Rxa4 Rxa4 25. Rb8 Rxa2+ 26. Kc1 h6 27. g3 g5 28. Nd2 Ra4 29. Bb2 f6 30. exf6 Kf7 31. Rd8 Bxc5 32. Rxd7+ Ke6 33.
Nb3 Rc4+ 34. Kb1 Kxd7 35. Nxc5+ Rxc5 36. f7 Ke7 37. Ba3 Kxf7 38. Bxc5 g4 39. Kc2 Ke6 40. Kd3 Kf5 41. Bf8 h5 42. Bh6 Nf6 43. Bf4 Ne4 44. Ke3 Ng5 45. Bxc7 c5 46. Bd8 Nf3 47. h3 gxh3 48.
Kxf3 c4 49. Ba5 Ke5 50. g4 hxg4+ 51. Kxg4 h2 52. Bc7+ Ke4 53. Bxh2 c3 54. Bf4 1-0

[Event "*** Titled Tuesday Blitz"]
[Site "Chess.com"]
[Date "2019.02.05"]
[Round "6"]
[White "volcanoexplorer"]
[Black "DenisQ"]
[Result "0-1"]
[WhiteElo "2363"]
[BlackElo "2657"]
[TimeControl "180+2"]
[EndTime "14:25:06 PST"]
[Termination "DenisQ won on time"]

1. e4 c6 2. d4 d5 3. exd5 cxd5 4. Bd3 Nc6 5. c3 Nf6 6. h3 e5 7. dxe5 Nxe5 8. Qe2 Qe7 9. Be3 Nxd3+ 10. Qxd3 Bd7 11.
Nd2 Qe6 12. Ngf3 Bc5 13. O-O Bxe3 14. Rfe1 O-O 15. Rxe3 Qb6 16. Nb3 Rfe8 17. Rae1 Rxe3 18. Rxe3 Re8 19. Rxe8+ Bxe8 20. Qd4 Qxd4 21. Nfxd4 b6 22. Nf5 Kf8 23. f3 Bd7 24. Ne3 g5 25. Kf2 Ke7 26.
Nd4 Kd6 27. Ng4 Ng8 28. Ne3 h5 29. h4 f6 30. hxg5 fxg5 31. Nef5+ Ke5 32. Ng3 Nf6 33. Ke3 h4 34. Nge2 Nh5 35. Nc1 Bf5 36. Nxf5 Kxf5 37.
Nd3 a5 38. b3 g4 39. fxg4+ Kxg4 40. Kf2 Nf4 41. Ne5+ Kf5 42. Nd7 b5 43. a4 bxa4 44.
bxa4 Nd3+ 45. Ke3 Nb2 46. Nc5 Kg4 47. Kf2 Kf4 48. Nb7 Nxa4 49. Nxa5 Nxc3 50. Nc6 Ne4+ 51. Kg1 Ke3 52. Kh2 Ng5 53. Ne7 Ke4 54. Ng6 d4 55. Kg1 Ke3 56. Kf1 d3 57. Ke1 Ne4 0-1

[Event "*** Titled Tuesday Blitz"]
[Site "Chess.com"]
[Date "2019.02.05"]
[Round "6"]
[White "Gentlejimmy7"]
[Black "Romn69"]
[Result "1-0"]
[WhiteElo "2302"]
[BlackElo "2258"]
[TimeControl "180+2"]
[EndTime "14:25:10 PST"]
[Termination "Gentlejimmy7 won by resignation"]

1. d4 Nf6 2. Nf3 d5 3. c4 e6 4. g3 dxc4 5. Bg2 c5 6. O-O Nc6 7. dxc5 Qxd1 8. Rxd1 Bxc5 9. Nbd2 c3 10. bxc3 O-O 11.
Nb3 Be7 12. Nfd4 Bd7 13. Nxc6 Bxc6 14. Bxc6 bxc6 15. c4 Rfd8 16. Be3 a5 17. Rxd8+ Bxd8 18. Nc5 Bb6 19. Rb1 Bxc5 20. Bxc5 Ne4 21. Bd4 f6 22. Rb6 c5 23. Be3 Nc3 24. Bxc5 Nxe2+ 25. Kf1 Nc3 26.
Bd6 Ne4 27. Bf4 Rc8 28. Ra6 Rxc4 29. Rxa5 Nc3 30. Bd2 Ne4 31. Be1 Kf7 32. h4 h5 33.
Rxh5 f5 34. g4 Kf6 35. Rh8 Ra4 36. f3 Nd6 37. Bc3+ Kf7 38. Rd8 Nb5 39. Be5 g6 40. Rb8 Na7 41. Rb7+ Ke8 42. h5 gxh5 43. g5 Nc6 44. g6 Ne7 45. g7 Ra8 46. Bd6 Ng8 47.
a3 Ra4 48. Rb8+ Kf7 49. Be5 Ra7 50. Rf8+ Kg6 51. Rxg8 1-0

[Event "*** Titled Tuesday Blitz"]
[Site "Chess.com"]
[Date "2019.02.05"]
[Round "6"]
[White "scaryninja"]
[Black "JoakimVonAnd"]
[Result "1/2-1/2"]
[WhiteElo "2420"]
[BlackElo "2309"]
[TimeControl "180+2"]
[EndTime "14:25:12 PST"]
[Termination "Game drawn by repetition"]

1. e4 c6 2. d4 d5 3. e5 Bf5 4.
h4 h5 5. Bd3 Bxd3 6. Qxd3 Qa5+ 7. c3 Qa6 8. Qxa6 Nxa6 9. Nf3 e6 10. Nbd2 c5 11. Nb3 c4 12. Nbd2 b5 13. Ke2 Ne7 14. b3 Nc6 15. a4 b4 16. cxb4 Naxb4 17. bxc4 Nc2 18. Rb1 N2xd4+ 19. Nxd4 Nxd4+ 20. Kd3 Nc6 21. cxd5 Rd8 22. f4 Rxd5+ 23. Ke2 Be7 24. Nf3 O-O 25. Be3 a5 26. Rb5 Rfd8 27. Rc1 Nb4 28. Bb6 Rxb5 29. Bxd8 Rb7 30. Bxe7 Rxe7 31. Rc5 Ra7 32.
Ng5 g6 33. Ne4 Nd5 34. g3 Kg7 35. Kd3 Rb7 36. Rxa5 Rb3+ 37. Kd2 Ra3 38. Ra8 Ra2+ 39. Kd3 Ra3+ 40. Kd4 Nb6 41. Rb8 Rxa4+ 42. Kd3 Nd5 43.
Rb3 Ra1 44. Ke2 Rg1 45. Kf2 Rd1 46. Nd6 Rd2+ 47. Kf3 Rc2 48. Rb7 Rc3+ 49. Kg2 Ne3+ 50. Kg1 Rc1+ 51. Kf2 Ng4+ 52. Ke2 Nh6 53. Ne8+ Kf8 54.
Nf6 Rc2+ 55. Kd3 Rg2 56. Ne4 Nf5 57. Rb8+ Kg7 58. Re8 Rg1 59. Kd2 Rg2+ 60. Kd3 Nxg3 61.
Nf6 Nf5 62. Rg8+ Kh6 63. Rh8+ Kg7 64. Rg8+ Kh6 65. Rh8+ Kg7 66. Rh7+ Kf8 67. Rh8+ Kg7 68. Rh7+ Kf8 69. Rh8+ Kg7 70. Rh7+ Kf8 71. Rh8+ Kg7 1/2-1/2

[Event "*** Titled Tuesday Blitz"]
[Site "Chess.com"]
[Date "2019.02.05"]
[Round "6"]
[White "Artur0208"]
[Black "Fins0905"]
[Result "0-1"]
[WhiteElo "2639"]
[BlackElo "2637"]
[TimeControl "180+2"]
[EndTime "14:25:13 PST"]
[Termination "Fins0905 won by resignation"]

1. d4 d5 2. c4 c6 3. Nf3 Nf6 4. Nc3 dxc4 5. a4 Bf5 6. Ne5 Nbd7 7.
Nxc4 Nb6 8. Ne5 a5 9. f3 Nfd7 10. Nxd7 Nxd7 11. e4 Bg6 12. Be3 Qb6 13. Qd2 e5 14.
dxe5 Bc5 15. Bxc5 Nxc5 16. Bc4 O-O 17. O-O-O Qb4 18. Qd4 h5 19. h4 Rad8 20. Qxd8 Rxd8 21. Rxd8+ Kh7 22. Ba2 Nxa4 23. Nxa4 Qxa4 24. Kb1 Qb4 25. Rhd1 a4 26. R8d4 Qb5 27. R4d3 Qxe5 28. Ra3 Qg3 29. Rxa4 Qxg2 30. Ra3 Qf2 31. Bc4 Qxh4 32. Ra8 Qf2 33.
Rdd8 Kh6 34. Rd3 h4 35. Rh8+ Kg5 36. Ka2 b5 37. Bb3 Bh5 38. f4+ Qxf4 39. Rg8 g6 40. e5 Qxe5 41. Bxf7 Qf5 42. Bxg6 Bxg6 43. Rdd8 h3 44. Ka3 h2 45. Rh8 Qf3+ 46. b3 h1=Q 47. Rxh1 Qxh1 48. Rd6 Qa1+ 49. Kb4 Qe1+ 50. Ka3 Qc3 51. Rd1 Bc2 52. Rg1+ Kf4 53. Rf1+ Ke3 54.
Rb1 Qa5+ 55. Kb2 Bxb1 56. Kxb1 Qd2 57. Ka1 Kd3 58. b4 Kc3 0-1